 Dungeon Crawl Stone Soup version 0.27-a0-1065-ge809cff456 (webtiles) character file.

Game seed: 7752662035233341854

917 tsouns the Chiller (level 7, 0/46 HPs)
             Began as a Demonspawn Ice Elementalist on Apr 23, 2021.
             Was a Priest of Qazlal.
             Slain by a phantom (2 damage)
             ... on level 6 of the Dungeon.
             The game lasted 00:07:26 (4941 turns).

tsouns the Chiller (Demonspawn Ice Elementalist)    Turns: 4941, Time: 00:07:27

Health: 0/46       AC:  4    Str:  8    XL:     7   Next: 83%
Magic:  16/16      EV: 12    Int: 18    God:    Qazlal [***...]
Gold:   40         SH:  4    Dex: 20    Spells: 11/18 levels left

rFire    . . .     SeeInvis .   c - staff of air
rCold    + . .     Faith    .   (no shield)
rNeg     . . .     Spirit   .   a - +0 robe
rPois    .         Reflect  .   (no helmet)
rElec    +         Harm     .   (no cloak)
rCorr    .         Rampage  .   d - +0 pair of gloves
Will     +....                  r - +0 pair of boots {Stlth+}
Stlth    ++++......             (no amulet)
HPRegen  0.15/turn              (no ring)
MPRegen  0.30/turn              (no ring)

@: flying
A: thin skeletal structure 2, spiny 1, magic regeneration, agile 1, cold
resistance 1, strong-willed 1, no potion heal 1
a: Renounce Religion, Upheaval, Elemental Force


You were on level 6 of the Dungeon.
You worshipped Qazlal.
Qazlal was most pleased with you.
You visited 1 branch of the dungeon, and saw 5 of its levels.

You collected 199 gold pieces.
You spent 159 gold pieces at shops.

Inventory:

Hand Weapons
 b - a +0 dagger
Missiles
 g - 28 poisoned darts
 j - 2 throwing nets
 k - 8 curare-tipped darts (quivered)
Armour
 a - a +0 robe (worn)
 d - a +0 pair of gloves (worn)
 r - a +0 pair of boots of stealth (worn)
Magical Staves
 c - a staff of air (weapon)
Wands
 l - a wand of digging (1)
 p - a wand of polymorph (8)
Scrolls
 h - 4 scrolls of identify
 i - 2 scrolls of amnesia {unknown}
 m - a scroll of silence {unknown}
 n - a scroll of immolation {unknown}
 q - a scroll of teleportation
 s - a scroll of noise {unknown}
Potions
 e - a potion of degeneration


   Skills:
 - Level 1.7 Dodging
 - Level 1.7 Stealth
 + Level 6.1 Spellcasting
 + Level 6.8 Ice Magic


You had 11 spell levels left.
You knew the following spells:

 Your Spells              Type           Power      Damage    Failure   Level
a - Freeze                Ice            100%       1d11      1%          1
b - Frozen Ramparts       Ice            60%        1d8       1%          3
c - Ozocubu's Armour      Ice            30%        N/A       1%          3

Your spell library contained the following spells:

 Spells                   Type           Power      Damage    Failure   Level
 Magic Dart               Conj           20%        1d4       12%         1
 Sting                    Tmut/Pois      20%        1d4       12%         1
 Poisonous Vapours        Pois/Air       16%        N/A       19%         2
 Searing Ray              Conj           10%        3d3       19%         2
 Hailstorm                Conj/Ice       17%        3d6       28%         4
 Dazzling Flash           Conj/Hex       10%        N/A       34%         3
 Ignite Poison            Fire/Tmut/Pois 5%         N/A       34%         3
 Mephitic Cloud           Conj/Pois/Air  8%         N/A       34%         3
 Metabolic Englaciation   Hex/Ice        8%         N/A       63%         5
 Fulminant Prism          Conj/Hex       2%         3d6       75%         4
 Iskenderun's Mystic Bla  Conj/Tloc      5%         2d3       75%         4
 Olgreb's Toxic Radiance  Pois           5%         N/A       75%         4


Dungeon Overview and Level Annotations

Branches:
Dungeon (4/15)             Temple (0/1) D:4

Altars:
Gozag
Hepliaklqana
Nemelex Xobeh
Qazlal
Zin

Shops:
D:1 *=   D:6 *


Innate Abilities, Weirdness & Mutations

You have a moderately thin skeletal structure. (Dex +4, Stealth++)
You are partially covered in sharp spines.
You regenerate magic rapidly.
You are agile. (Dex +2)
Your flesh is cold resistant. (rC+)
You are strong-willed. (Will+)
Potions are less effective at restoring your health.


Message History

The phantom is heavily damaged.
The phantom is struck by your spines.
The phantom hits you but does no damage.
The phantom closely misses you.
You barely miss the phantom.
The phantom is heavily damaged.
The phantom hits you.
The phantom blinks!
You blink.
You hit the phantom but do no damage.
The phantom is heavily damaged.
The phantom hits you.
You are too injured to fight recklessly!
You are too injured to fight recklessly!
You are too injured to fight recklessly!
Unknown command.
You barely miss the phantom.
The phantom is heavily damaged.
The phantom hits you but does no damage.
You closely miss the phantom.
The phantom is heavily damaged.
The phantom is struck by your spines. The phantom hits you!
You hit the phantom but do no damage.
The phantom is severely damaged.
The phantom hits you.
The phantom blinks!
You blink.
The phantom is struck by your spines. The phantom hits you!
* * * LOW HITPOINT WARNING * * *
The phantom blinks!
You blink.
It was a potion of mutation.
You feel extremely strange.
You feel agile.
Your system partially rejects the healing effects of potions.
You feel resistant to cold.
You feel strong-willed. The phantom hits you.
* * * LOW HITPOINT WARNING * * *
It was a potion of flight.
You feel very buoyant.
You fly up into the air.
You block the phantom's attack.
Unknown command.
You hit the phantom.
The phantom is severely damaged.
The phantom is struck by your spines. The phantom hits you.
You die...

#.# #.##########.#
#..
#.###........∩...#
#..
#.#......#.......#
#..
#.#.#..#.#.#####.#
#..
#.#............#.#
..
#.######.#.###.#.#
#. #........#.#
#.#
#.###########.#
#.#
#>...§......W@#
#.#
###############


You could see a phantom.

Vanquished Creatures
  A black bear (D:4)
  A necrophage (D:4)
  2 scorpions
  A howler monkey (D:4)
  2 jellies
  5 hounds
  An orc priest (D:3)
  3 iguanas
  A killer bee zombie (D:6)
  A hound skeleton (D:4)
  9 adders
  7 river rats (D:6)
  An ufetubus (D:3)
  An adder skeleton (D:4)
  A worm (D:3)
  3 dart slugs
  3 orcs (D:3)
  3 endoplasms
  2 giant cockroaches
  8 goblins
  4 hobgoblins (D:1)
  A jackal (D:3)
  5 kobolds
  10 quokkas
  8 ball pythons
  A bat (D:3)
  A frilled lizard (D:3)
  15 rats
101 creatures vanquished.

Notes
Turn   | Place    | Note
-------+----------+-------------------------------------------
     0 | D:1      | tsouns the Demonspawn Ice Elementalist began the quest for
                  | the Orb.
     0 | D:1      | Reached XP level 1. HP: 13/13 MP: 3/3
   119 | D:1      | Found Goem's Jewellery Boutique.
   236 | D:1      | Found a faded altar of an unknown god.
   245 | D:1      | Became a worshipper of Qazlal Stormbringer
   245 | D:1      | Reached * piety under Qazlal
   522 | D:1      | Gained mutation: You have a somewhat thin skeletal
                  | structure. (Dex +2, Stealth+) [demonic ancestry]
   522 | D:1      | Reached XP level 2. HP: 19/19 MP: 3/5
   894 | D:1      | Found Wiajibi's Assorted Antiques.
  1534 | D:2      | Gained mutation: You have a moderately thin skeletal
                  | structure. (Dex +4, Stealth++) [demonic ancestry]
  1534 | D:2      | Reached XP level 3. HP: 20/24 MP: 4/7
  2144 | D:3      | Reached ** piety under Qazlal
  2149 | D:3      | Learned a level 3 spell: Frozen Ramparts
  2153 | D:3      | Learned a level 3 spell: Ozocubu's Armour
  2217 | D:3      | Found an opulent altar of Gozag.
  2263 | D:3      | Gained mutation: You are partially covered in sharp spines.
                  | [demonic ancestry]
  2263 | D:3      | Reached XP level 4. HP: 28/30 MP: 2/8
  2681 | D:4      | Gained mutation: You regenerate magic rapidly. [demonic
                  | ancestry]
  2681 | D:4      | Reached XP level 5. HP: 22/35 MP: 4/10
  3066 | D:4      | Found a staircase to the Ecumenical Temple.
  3066 | D:4      | Noticed a black bear
  3068 | D:4      | Noticed a necrophage
  3075 | D:4      | Reached skill level 5 in Ice Magic
  3079 | D:4      | Killed a black bear
  3080 | D:4      | Reached XP level 6. HP: 35/41 MP: 3/12
  3209 | D:4      | Reached skill level 5 in Spellcasting
  3541 | D:4      | Reached XP level 7. HP: 46/46 MP: 8/14
  3879 | D:3      | Found a hazy altar of Hepliaklqana.
  4227 | D:3      | You fall into a shaft and drop 3 floors!
  4335 | D:6      | Found a sparkling altar of Nemelex Xobeh.
  4396 | D:6      | Reached *** piety under Qazlal
  4822 | D:6      | Found Ylibb's General Store.
  4867 | D:6      | Bought a scroll of teleportation for 33 gold pieces
  4867 | D:6      | Bought a +0 pair of boots of stealth for 126 gold pieces
  4939 | D:6      | Gained mutation: You are agile. (Dex +2) [potion of
                  | mutation]
  4939 | D:6      | Gained mutation: Potions are less effective at restoring
                  | your health. [potion of mutation]
  4939 | D:6      | Gained mutation: Your flesh is cold resistant. (rC+)
                  | [potion of mutation]
  4939 | D:6      | Gained mutation: You are strong-willed. (Will+) [potion of
                  | mutation]
  4939 | D:6      | HP: 2/46 [phantom (6)]
  4941 | D:6      | Slain by a phantom

Illustrated notes

Levels and vault maps discovered:
D:1:      mrwooster_arrival_statue_2, layout_rooms, serial_shops,
          nicolae_shop_temple_entry_statues_fountains, shop_statue,
          hellmonk_ecumenical_altar_prayer_group, minmay_unequal
D:2:      layout_basic, serial_curves, eino_curves_03, eino_curves_02,
          minmay_misc_feat_chi, serial_bayou_crossing
D:3:      minmay_recursive_quarters, layout_loops_ring,
          pdpol_temple_overflow_zin_treasury_gozag_greed,
          nicolae_hepliaklqana_hazy_memory, kennysheep_nondescript
D:4:      layout_loops_cross, minmay_temple_entry_sparse_star
D:6:      lemuel_ratsnest, layout_basic, nemelex_xobeh_ov_fountains_minmay,
          nzn_wu_jian_contemplation, serial_shops, shop,
          wad_floor_pattern_untrapped, kennysheep_another_room,
          uniq_crazy_yiuf_cottage

Skill      XL: |  1  2  3  4  5  6  7 |
---------------+----------------------+-----
Ice Magic      | 4 5 6 |  6.8
Spellcasting   | 3 4 5 6 |  6.1
Dodging        | |  1.7
Stealth        | |  1.7

Action                   |  1- 3 |  4- 6 |  7- 9 || total
-------------------------+-------+-------+-------++-------
Melee: Staff             |    11 |    21 |    36 ||    68
 Cast: Freeze            |    49 |    36 |    33 ||   118
       Frozen Ramparts   |     1 |     2 |     6 ||     9
       Ozocubu's Armour  |       |       |     1 ||     1
  Use: Potion            |       |     2 |     2 ||     4
       Scroll            |       |     2 |       ||     2
Armor: Robe              |     5 |     4 |     7 ||    16
Dodge: Dodged            |    25 |    41 |    17 ||    83
Block: Other             |       |     3 |    12 ||    15

Table legend: (Time is in decaauts)
 A = Elapsed time spent in this place.
 B = Non-inter-level travel time spent in this place.
 C = Inter-level travel time spent in this place.
 D = Time resting spent in this place.
 E = Time spent auto-exploring this place.
 F = Levels seen in this place.
 G = Mean time per level.
                   A        B        C        D        E       F      G
               +--------+--------+--------+--------+--------+-----+--------+
         Total |   4963 |   4882 |     81 |      0 |   4286 |   5 |  992.6 |
       Dungeon |   4963 |   4882 |     81 |      0 |   4286 |   5 |  992.6 |
               +--------+--------+--------+--------+--------+-----+--------+

Top non-repeatable levels by time:
     D:4: 1449 daAuts
     D:1: 1206 daAuts
     D:2: 844 daAuts
     D:3: 742 daAuts
     D:6: 720 daAuts
